[ AOE2 MATCH · #505751907 ]
UnrankedPersians vs Koreans
Player's team · LOSS
Rival team · WIN
[ REPLAY ANALYSIS · EXTRACTED FROM THE RECORDED GAME ]
Feudal
14:09
Castle
27:16
Imperial
—
| APM avg | 56.6 |
| APM peak | 85 |
| eAPM avg | 27.4 |
| Villagers / military | 121 / 76 |
Focus
⚔️ 33.3% · 🌾 66.7%
Cavalry Archer ×26 · Militia ×15 · Skirmisher ×13 · Archer ×10 · Scout Cavalry ×6 · Knight ×3
Feudal
10:39
Castle
22:54
Imperial
—
| APM avg | 47.8 |
| APM peak | 65 |
| eAPM avg | 25.6 |
| Villagers / military | 191 / 85 |
Focus
⚔️ 34.6% · 🌾 65.4%
Fire Lancer ×59 · Skirmisher ×12 · Archer ×11 · Monk ×2 · Spearman ×1
Match map
Initial resources + every placement click. Lines = walls · curves = elevation contours. ◆ gold · ⬟ stone · ● berries · ✦ relic · ◌ wall gap
Your base· ✓ Closed at 27:16 · 31t walls · 1 gate(s)
Attila Empires's base· Open — 5t gap
Smoothed initial terrain · ◌ = detected wall gap · hover for details
Inputs per minute
— eduv - - Attila Empires
Build order — eduv
First 150 of 319 actions detected
| 0:02 | Create | Villager (Male) |
| 0:02 | Create | Villager (Male) |
| 0:03 | Build | House |
| 0:05 | Build | House |
| 0:08 | Create | Villager (Male) |
| 0:09 | Create | Villager (Male) |
| 0:10 | Create | Villager (Male) |
| 0:11 | Create | Villager (Male) |
| 0:11 | Create | Villager (Male) |
| 1:28 | Create | Villager (Male) |
| 1:29 | Create | Villager (Male) |
| 2:00 | Create | Villager (Male) |
| 2:00 | Create | Villager (Male) |
| 2:08 | Build | Barracks |
| 2:19 | Create | Villager (Male) |
| 2:19 | Create | Villager (Male) |
| 2:19 | Create | Villager (Male) |
| 2:48 | Create | Villager (Male) |
| 2:48 | Create | Villager (Male) |
| 3:05 | Build | House |
| 3:34 | Create | Militia |
| 3:37 | Create | Villager (Male) |
| 3:37 | Create | Villager (Male) |
| 3:37 | Create | Villager (Male) |
| 3:38 | Create | Villager (Male) |
| 4:12 | Create | Militia |
| 4:13 | Create | Villager (Male) |
| 4:38 | Create | Villager (Male) |
| 4:38 | Create | Villager (Male) |
| 4:38 | Create | Villager (Male) |
| 5:38 | Create | Villager (Male) |
| 5:42 | Build | House |
| 5:45 | Research | Loom |
| 5:58 | Build | House |
| 6:08 | Create | Villager (Male) |
| 6:08 | Create | Villager (Male) |
| 6:08 | Create | Villager (Male) |
| 6:08 | Create | Villager (Male) |
| 6:30 | Build | Lumber Camp |
| 6:32 | Create | Villager (Male) |
| 6:47 | Create | Villager (Male) |
| 7:01 | Create | Villager (Male) |
| 7:01 | Create | Villager (Male) |
| 7:01 | Create | Villager (Male) |
| 7:39 | Create | Villager (Male) |
| 7:40 | Create | Villager (Male) |
| 7:46 | Build | Mining Camp |
| 8:03 | Create | Villager (Male) |
| 8:03 | Create | Villager (Male) |
| 8:03 | Create | Villager (Male) |
| 8:25 | Create | Villager (Male) |
| 8:25 | Create | Villager (Male) |
| 8:25 | Create | Villager (Male) |
| 8:26 | Create | Villager (Male) |
| 8:27 | Create | Villager (Male) |
| 8:54 | Create | Militia |
| 8:54 | Create | Militia |
| 8:54 | Create | Militia |
| 9:09 | Create | Militia |
| 9:09 | Create | Militia |
| 9:10 | Create | Villager (Male) |
| 9:10 | Create | Villager (Male) |
| 9:11 | Create | Villager (Male) |
| 9:13 | Build | Mill |
| 9:39 | Build | Mill |
| 9:56 | Create | Militia |
| 9:56 | Create | Militia |
| 9:56 | Create | Militia |
| 9:56 | Create | Militia |
| 10:01 | Create | Villager (Male) |
| 10:01 | Create | Villager (Male) |
| 10:02 | Create | Villager (Male) |
| 10:02 | Create | Villager (Male) |
| 10:02 | Create | Villager (Male) |
| 10:02 | Create | Villager (Male) |
| 10:23 | Create | Militia |
| 10:23 | Create | Militia |
| 10:24 | Create | Militia |
| 10:24 | Create | Militia |
| 10:30 | Create | Villager (Male) |
| 10:30 | Create | Villager (Male) |
| 10:31 | Create | Villager (Male) |
| 10:31 | Create | Villager (Male) |
| 10:31 | Create | Villager (Male) |
| 10:35 | Build | House |
| 10:39 | Build | House |
| 11:14 | Create | Villager (Male) |
| 11:14 | Create | Villager (Male) |
| 11:14 | Create | Villager (Male) |
| 11:15 | Create | Villager (Male) |
| 11:15 | Create | Villager (Male) |
| 11:15 | Create | Villager (Male) |
| 11:16 | Create | Villager (Male) |
| 11:26 | Create | Villager (Male) |
| 11:26 | Create | Villager (Male) |
| 11:26 | Create | Villager (Male) |
| 11:30 | Build | House |
| 11:41 | Create | Villager (Male) |
| 11:41 | Create | Villager (Male) |
| 12:05 | Research | Feudal Age |
| 12:05 | Research | Feudal Age |
| 13:16 | Build | Farm |
| 13:16 | Build | Farm |
| 13:16 | Build | Farm |
| 13:16 | Build | Farm |
| 13:17 | Build | Farm |
| 13:17 | Build | Farm |
| 13:17 | Build | Farm |
| 14:09 | Age | Feudal Age |
| 14:12 | Create | Villager (Male) |
| 14:17 | Build | Archery Range |
| 14:28 | Research | Double-Bit Axe |
| 14:28 | Research | Double-Bit Axe |
| 14:29 | Create | Villager (Male) |
| 14:44 | Build | Palisade Wall |
| 14:47 | Build | Palisade Wall |
| 14:54 | Create | Villager (Male) |
| 15:07 | Build | Archery Range |
| 15:14 | Create | Skirmisher |
| 15:14 | Create | Skirmisher |
| 15:26 | Create | Villager (Male) |
| 15:26 | Create | Villager (Male) |
| 15:46 | Create | Skirmisher |
| 15:47 | Create | Skirmisher |
| 15:50 | Create | Villager (Male) |
| 15:57 | Build | House |
| 15:59 | Build | House |
| 16:04 | Build | Palisade Wall |
| 16:11 | Build | Palisade Wall |
| 16:17 | Build | Farm |
| 16:19 | Create | Villager (Male) |
| 16:21 | Create | Skirmisher |
| 16:30 | Build | Blacksmith |
| 16:35 | Create | Villager (Male) |
| 16:53 | Build | Lumber Camp |
| 17:05 | Create | Skirmisher |
| 17:06 | Create | Villager (Male) |
| 17:18 | Build | Blacksmith |
| 17:22 | Create | Skirmisher |
| 17:27 | Create | Skirmisher |
| 17:27 | Create | Skirmisher |
| 17:40 | Build | House |
| 17:49 | Create | Villager (Male) |
| 17:52 | Build | Stable |
| 17:55 | Create | Skirmisher |
| 17:55 | Create | Skirmisher |
| 18:10 | Research | Fletching |
| 18:10 | Research | Fletching |
| 18:10 | Research | Fletching |
| 18:16 | Create | Villager (Male) |
Build order — Attila Empires
First 150 of 381 actions detected
| 0:00 | Create | Villager (Male) |
| 0:01 | Create | Villager (Male) |
| 0:01 | Create | Villager (Male) |
| 0:02 | Build | House |
| 0:04 | Build | House |
| 0:09 | Create | Villager (Male) |
| 0:10 | Create | Villager (Male) |
| 1:30 | Create | Villager (Male) |
| 1:30 | Create | Villager (Male) |
| 1:44 | Build | Lumber Camp |
| 1:59 | Create | Villager (Male) |
| 1:59 | Create | Villager (Male) |
| 2:00 | Create | Villager (Male) |
| 2:12 | Create | Villager (Male) |
| 2:12 | Create | Villager (Male) |
| 2:12 | Create | Villager (Male) |
| 2:45 | Create | Villager (Male) |
| 2:45 | Create | Villager (Male) |
| 2:45 | Create | Villager (Male) |
| 3:02 | Create | Villager (Male) |
| 3:02 | Create | Villager (Male) |
| 3:36 | Create | Villager (Male) |
| 3:36 | Create | Villager (Male) |
| 3:41 | Build | House |
| 3:50 | Create | Villager (Male) |
| 3:50 | Create | Villager (Male) |
| 3:53 | Build | Mill |
| 4:27 | Create | Villager (Male) |
| 4:27 | Create | Villager (Male) |
| 4:27 | Create | Villager (Male) |
| 4:49 | Create | Villager (Male) |
| 4:49 | Create | Villager (Male) |
| 4:50 | Create | Villager (Male) |
| 5:02 | Build | Palisade Wall |
| 5:06 | Build | Palisade Wall |
| 5:07 | Build | Palisade Wall |
| 5:10 | Research | Loom |
| 5:12 | Build | Palisade Wall |
| 5:24 | Build | Palisade Wall |
| 5:26 | Build | Palisade Wall |
| 5:26 | Create | Villager (Male) |
| 5:27 | Create | Villager (Male) |
| 5:27 | Create | Villager (Male) |
| 5:54 | Build | Mill |
| 6:21 | Create | Villager (Male) |
| 6:21 | Create | Villager (Male) |
| 6:22 | Create | Villager (Male) |
| 6:23 | Create | Villager (Male) |
| 6:33 | Create | Villager (Male) |
| 6:33 | Create | Villager (Male) |
| 6:33 | Create | Villager (Male) |
| 7:04 | Build | House |
| 7:05 | Create | Villager (Male) |
| 7:05 | Create | Villager (Male) |
| 7:05 | Create | Villager (Male) |
| 7:05 | Create | Villager (Male) |
| 8:03 | Create | Villager (Male) |
| 8:05 | Create | Villager (Male) |
| 8:29 | Research | Feudal Age |
| 8:29 | Research | Feudal Age |
| 9:00 | Build | House |
| 9:31 | Build | Barracks |
| 9:36 | Create | Villager (Male) |
| 9:36 | Create | Villager (Male) |
| 10:01 | Build | Mining Camp |
| 10:39 | Age | Feudal Age |
| 10:50 | Build | Palisade Wall |
| 10:52 | Build | Palisade Wall |
| 10:53 | Build | Palisade Wall |
| 10:56 | Build | House |
| 10:58 | Build | Palisade Wall |
| 11:07 | Build | Palisade Wall |
| 11:10 | Build | Archery Range |
| 11:15 | Build | Palisade Wall |
| 11:15 | Create | Villager (Male) |
| 11:32 | Create | Villager (Male) |
| 11:32 | Create | Villager (Male) |
| 11:32 | Create | Villager (Male) |
| 11:37 | Build | House |
| 11:38 | Research | Horse Collar |
| 11:38 | Research | Horse Collar |
| 11:43 | Build | Palisade Wall |
| 11:49 | Build | Palisade Wall |
| 11:50 | Create | Villager (Male) |
| 11:50 | Create | Villager (Male) |
| 11:53 | Build | Palisade Wall |
| 11:59 | Build | House |
| 12:00 | Create | Archer |
| 12:00 | Create | Archer |
| 12:00 | Create | Archer |
| 12:12 | Build | Palisade Wall |
| 12:17 | Build | Farm |
| 12:21 | Build | Farm |
| 12:23 | Build | Palisade Wall |
| 12:26 | Build | Palisade Wall |
| 12:28 | Build | Palisade Wall |
| 12:29 | Build | Palisade Wall |
| 12:35 | Build | House |
| 12:36 | Create | Villager (Male) |
| 12:36 | Create | Villager (Male) |
| 12:41 | Create | Archer |
| 12:41 | Create | Archer |
| 12:45 | Create | Villager (Male) |
| 13:07 | Build | Farm |
| 13:09 | Build | Farm |
| 13:12 | Create | Villager (Male) |
| 13:12 | Create | Villager (Male) |
| 13:24 | Create | Archer |
| 13:24 | Create | Archer |
| 13:33 | Build | House |
| 13:35 | Build | House |
| 13:39 | Build | Palisade Wall |
| 13:44 | Create | Villager (Male) |
| 13:44 | Create | Villager (Male) |
| 13:47 | Create | Archer |
| 13:48 | Create | Archer |
| 13:48 | Create | Archer |
| 13:59 | Create | Villager (Male) |
| 14:00 | Create | Villager (Male) |
| 14:00 | Create | Villager (Male) |
| 14:22 | Build | Farm |
| 14:24 | Build | Farm |
| 14:25 | Build | Farm |
| 14:33 | Create | Archer |
| 14:39 | Create | Villager (Male) |
| 14:39 | Create | Villager (Male) |
| 14:40 | Create | Villager (Male) |
| 14:42 | Create | Villager (Male) |
| 14:43 | Create | Villager (Male) |
| 14:55 | Build | Farm |
| 15:04 | Create | Skirmisher |
| 15:21 | Create | Villager (Male) |
| 15:31 | Create | Skirmisher |
| 15:31 | Create | Skirmisher |
| 15:55 | Create | Skirmisher |
| 15:58 | Build | Blacksmith |
| 16:02 | Create | Villager (Male) |
| 16:19 | Create | Skirmisher |
| 16:19 | Create | Skirmisher |
| 16:34 | Build | Farm |
| 16:35 | Build | Farm |
| 16:44 | Create | Villager (Male) |
| 17:04 | Create | Villager (Male) |
| 17:06 | Research | Fletching |
| 17:12 | Build | House |
| 17:13 | Build | House |
| 17:16 | Create | Skirmisher |
| 17:22 | Create | Villager (Male) |
| 17:26 | Build | Farm |
| 17:27 | Build | Farm |
Match timeline
| 2:08 | eduv · first_building Barracks |
| 5:02 | Attila Empires · wall_segment Palisade Wall x1 |
| 5:06 | Attila Empires · wall_segment Palisade Wall x1 |
| 5:07 | Attila Empires · wall_segment Palisade Wall x1 |
| 5:12 | Attila Empires · wall_segment Palisade Wall x1 |
| 5:24 | Attila Empires · wall_segment Palisade Wall x1 |
| 5:26 | Attila Empires · wall_segment Palisade Wall x1 |
| 9:31 | Attila Empires · first_building Barracks |
| 10:39 | Attila Empires · age_up feudal |
| 10:50 | Attila Empires · wall_segment Palisade Wall x1 |
| 10:52 | Attila Empires · wall_segment Palisade Wall x1 |
| 10:53 | Attila Empires · wall_segment Palisade Wall x1 |
| 10:58 | Attila Empires · wall_segment Palisade Wall x1 |
| 11:07 | Attila Empires · wall_segment Palisade Wall x1 |
| 11:10 | Attila Empires · first_building Archery Range |
| 11:15 | Attila Empires · wall_segment Palisade Wall x1 |
| 11:43 | Attila Empires · wall_segment Palisade Wall x1 |
| 11:49 | Attila Empires · wall_segment Palisade Wall x1 |
| 11:53 | Attila Empires · wall_segment Palisade Wall x1 |
| 12:12 | Attila Empires · wall_segment Palisade Wall x4 |
| 12:23 | Attila Empires · wall_segment Palisade Wall x1 |
| 12:26 | Attila Empires · wall_segment Palisade Wall x1 |
| 12:28 | Attila Empires · wall_segment Palisade Wall x1 |
| 12:29 | Attila Empires · wall_segment Palisade Wall x1 |
| 13:39 | Attila Empires · wall_segment Palisade Wall x1 |
| 14:09 | eduv · age_up feudal |
| 14:17 | eduv · first_building Archery Range |
| 14:44 | eduv · wall_segment Palisade Wall x2 |
| 14:47 | eduv · wall_segment Palisade Wall x10 |
| 16:04 | eduv · wall_segment Palisade Wall x1 |
| 16:11 | eduv · wall_segment Palisade Wall x1 |
| 17:52 | eduv · first_building Stable |
| 19:41 | Attila Empires · first_market_buy 100 food |
| 21:56 | Attila Empires · wall_segment Palisade Wall x1 |
| 22:29 | Attila Empires · wall_segment Palisade Wall x1 |
| 22:54 | Attila Empires · age_up castle |
| 23:45 | eduv · wall_segment Palisade Wall x17 |
| 27:16 | eduv · age_up castle |
| 27:58 | eduv · first_building Monastery |
| 28:00 | Attila Empires · first_building Monastery |
| 29:56 | eduv · first_building Siege Workshop |
| 33:25 | eduv · resign |
[ AI ANALYSIS · 1 CREDIT ]
What really happened in this match?
Wolo.gg analyzes every decision: build order, eco, micro, common mistakes by bracket. Personalized analysis on WhatsApp or Discord in 30 seconds.
Civ guide
Persians
Perfil
Jugador #631884